Map: Orbital Shipyard

Players

AnTares

  • Race: Zerg Zerg

AgCl - Winner!

  • Race: Protoss Protoss

VOD

Have the link to the VOD?

Description

Time

  • Played on: May 3, 2015, 5:26 a.m.
  • Length: 16:13
Show
View Real Time Build Order
Export as new Build Order

AnTares Zerg 

Build Orders: Hatch First 

Get SALT Encoding   

  12  0:01  Drone  
  13  0:12  Drone  
  14  0:23  Overlord  
  14  0:41  Drone  
  14  0:42  Drone x2  
  17  0:58  Hatchery  
  16  1:06  Spawning Pool  
  16  1:09  Drone  
  16  1:14  Drone  
  16  1:17  Drone  
  18  1:26  Drone, Extractor  
  18  1:40  Drone  
  19  1:52  Overlord, Queen  
  21  1:59  Zergling x2  
  22  2:12  Queen  
  24  2:15  Hatchery  
  23  2:28  Roach Warren, Drone  
  23  2:29  Drone  
  24  2:33  Drone  
  24  2:35  Drone  
  26  2:39  Drone  
  27  2:49  Drone  
  28  3:03  Drone x2, Overlord  
  28  3:04  Drone x3  
  28  3:05  Drone  
  34  3:07  Drone  
  35  3:14  Overlord  
  35  3:15  Extractor  
  35  3:18  Roach  
  36  3:24  Drone x2  
  36  3:25  Drone  
  39  3:28  Drone  
  39  3:30  Drone  
  41  3:34  Roach  
  41  3:36  Drone  
  41  3:39  Drone  
  45  3:43  Drone x2  
  45  3:44  Drone x2  
  49  3:56  Lair  
  49  3:59  Drone x3  
  49  4:01  Extractor  
  52  4:02  Drone  
  52  4:03  Extractor  
  52  4:05  Queen  
  53  4:12  Overlord  
  53  4:13  Drone x2  
  55  4:17  Drone  
  56  4:24  Overlord  
  56  4:25  Overlord  
  56  4:26  Drone x2  
  58  4:35  Spine Crawler  
  57  4:39  Evolution Chamber  
  57  4:40  Evolution Chamber  
  57  4:41  Drone x3  
  57  4:42  Drone  
  57  4:43  Roach x3  
  65  4:53  Glial Reconstitution  
  65  4:55  Roach x3  
  65  4:57  Roach  
  65  4:58  Roach  
  77  5:00  Roach  
  76  5:17  Drone  
  76  5:18  Drone x5, Hydralisk Den  
  76  5:21  Overlord x2  
  81  5:22  Drone  
  81  5:25  Zerg Missile Weapons Level 1, Zerg Ground Armor Level 1  
  82  5:37  Pneumatized Carapace  
  82  5:45  Queen  
  82  5:48  Extractor  
  82  5:49  Extractor  
  81  5:55  Overseer  
  77  6:00  Spore Crawler  
  77  6:01  Spore Crawler  
  77  6:03  Hydralisk x5, Roach x2  
  89  6:20  Queen  
  91  6:27  Hydralisk x3  
  91  6:29  Overlord  
  97  6:33  Spore Crawler  
  96  6:43  Overlord, Drone  
  96  6:44  Drone  
  96  6:46  Muscular Augments  
  98  6:55  Roach x4  
  106  7:01  Overlord  
  106  7:02  Drone x5  
  106  7:03  Drone x2  
  106  7:04  Drone  
  114  7:10  Overlord  
  114  7:11  Overlord  
  114  7:31  Hydralisk  
  114  7:32  Hydralisk x2  
  114  7:34  Drone x3  
  114  7:36  Zerg Ground Armor Level 2, Zerg Missile Weapons Level 2  
  123  7:46  Hatchery  
  123  7:51  Drone x4  
  126  8:00  Drone x5  
  126  8:02  Overlord x2, Lurker Den  
  131  8:19  Hydralisk x4  
  133  8:20  Hydralisk  
  133  8:21  Roach  
  143  8:45  Hydralisk x2  
  143  8:46  Overlord x2  
  147  9:10  Hydralisk x3  
  147  9:11  Overlord, Drone  
  147  9:12  Drone x3  
  157  9:18  Hatchery  
  156  9:25  Roach x2  
  156  9:26  Hatchery, Roach x5  
  156  9:27  Overlord x4  
  169  9:41  Hydralisk  
  169  9:42  Overlord  
  171  9:55  Hatchery  
  170  10:42  Hydralisk x2  
  170  10:43  Hydralisk x2  
  170  10:47  Hydralisk x2  
  170  10:48  Hydralisk x3  
  170  10:49  Hydralisk x4  
  196  10:57  Drone x2  
  196  10:59  Hatchery  
  197  11:15  Drone x2, Spine Crawler  
  197  11:17  Spore Crawler  
  197  11:19  Spine Crawler  
  196  11:50  Extractor x2  
  196  11:52  Spine Crawler  
  196  11:53  Drone  
  196  11:54  Drone x2  
  196  12:04  Spire, Infestation Pit  
  194  12:10  Ravager  
  194  12:11  Ravager x5  
  198  12:23  Queen  
  198  12:26  Spine Crawler  
  199  12:52  Hive  
  199  12:56  Spine Crawler  
  199  12:57  Spine Crawler  
  194  13:00  Spine Crawler  
  193  13:36  Extractor  
  193  13:40  Extractor  
  191  14:03  Hydralisk x4  
  191  14:05  Overseer  
  191  14:06  Overseer  
  165  14:56  Hydralisk  
  165  14:57  Hydralisk x29  
  165  14:58  Hydralisk x12  
  179  15:21  Corruptor x10  
  176  15:22  Corruptor x2  
  184  15:46  Drone x2  
  186  15:52  Overlord  
  186  15:54  Overlord x4  
Show
View Real Time Build Order
Export as new Build Order

AgCl Protoss - Winner!

Build Orders: Dark Templar Rush 

Get SALT Encoding   

  12  0:02  Probe  
  13  0:14  Probe  
  14  0:34  Pylon  
  14  0:52  Probe (Chrono Boost)  
  15  1:02  Probe (Chrono Boost)  
  16  1:09  Probe, Nexus  
  17  1:12  Gateway  
  17  1:21  Probe  
  18  1:40  Probe (Chrono Boost), Pylon  
  19  1:49  Assimilator  
  19  1:52  Probe (Chrono Boost)  
  20  1:54  Assimilator  
  20  1:59  Cybernetics Core, Probe (Chrono Boost)  
  21  2:04  Zealot  
  24  2:09  Probe (Chrono Boost)  
  24  2:17  Probe (Chrono Boost)  
  26  2:24  Probe (Chrono Boost)  
  26  2:26  Probe (Chrono Boost)  
  27  2:36  Probe (Chrono Boost)  
  29  2:37  Probe (Chrono Boost)  
  29  2:43  Probe (Chrono Boost)  
  29  2:47  Twilight Council  
  30  2:51  Probe (Chrono Boost)  
  30  2:53  Probe (Chrono Boost)  
  30  2:57  Warp Gate (Chrono Boost)  
  30  2:58  Probe (Chrono Boost)  
  32  3:00  Probe  
  33  3:09  Probe (Chrono Boost)  
  33  3:12  Assimilator  
  36  3:17  Pylon  
  37  3:21  Probe (Chrono Boost)  
  37  3:22  Mothership Core (Chrono Boost)  
  37  3:24  Forge  
  37  3:29  Probe (Chrono Boost)  
  37  3:31  Assimilator  
  39  3:35  Stalker  
  39  3:37  Probe (Chrono Boost)  
  39  3:38  Probe (Chrono Boost)  
  42  3:44  Probe  
  42  3:46  Probe  
  44  3:56  Probe (Chrono Boost), Dark Shrine  
  44  3:58  Probe (Chrono Boost)  
  44  4:01  Pylon  
  46  4:03  Pylon  
  46  4:09  Probe (Chrono Boost)  
  48  4:11  Probe (Chrono Boost)  
  48  4:16  Protoss Ground Weapons Level 1  
  49  4:17  Probe (Chrono Boost)  
  49  4:18  Probe (Chrono Boost)  
  50  4:26  Probe  
  50  4:28  Probe  
  52  4:37  Nexus, Stargate  
  52  4:39  Pylon  
  52  4:40  Probe (Chrono Boost)  
  52  4:41  Probe (Chrono Boost)  
  53  4:53  Gateway  
  53  4:56  Gateway  
  53  4:57  Probe (Chrono Boost)  
  53  4:58  Pylon  
  53  4:59  Probe (Chrono Boost)  
  55  5:05  Probe  
  56  5:16  Dark Templar  
  56  5:19  Probe  
  59  5:22  Assimilator  
  59  5:27  Void Ray (Chrono Boost), Assimilator  
  63  5:28  Probe  
  63  5:29  Pylon  
  63  5:31  Probe  
  65  5:41  Probe  
  66  5:43  Probe  
  67  5:50  Dark Templar  
  69  5:59  Fleet Beacon  
  69  6:01  Stargate  
  69  6:03  Void Ray (Chrono Boost)  
  73  6:04  Pylon  
  74  6:18  Probe (Chrono Boost)  
  74  6:20  Protoss Air Weapons Level 1 (Chrono Boost)  
  74  6:21  Probe (Chrono Boost)  
  74  6:23  Charge (Chrono Boost)  
  74  6:24  Probe (Chrono Boost)  
  74  6:25  Protoss Ground Weapons Level 2 (Chrono Boost)  
  74  6:28  Probe (Chrono Boost)  
  74  6:30  Probe (Chrono Boost)  
  74  6:31  Photon Cannon  
  77  6:33  Probe (Chrono Boost)  
  77  6:34  Pylon  
  77  6:36  Probe (Chrono Boost), Carrier (Chrono Boost)  
  78  6:40  Forge  
  78  6:41  Pylon  
  78  6:42  Carrier (Chrono Boost)  
  78  6:45  Dark Templar  
  78  6:46  Probe x2 (Chrono Boost), Zealot  
  85  6:47  Probe (Chrono Boost)  
  85  6:54  Pylon  
  91  7:06  Probe  
  91  7:07  Graviton Catapult  
  98  7:12  Photon Cannon  
  98  7:22  Probe x2  
  100  7:23  Probe  
  101  7:33  Protoss Shields Level 1 (Chrono Boost)  
  101  7:39  Photon Cannon  
  101  7:43  Gateway  
  101  7:49  Nexus  
  101  7:50  Gateway, Carrier (Chrono Boost)  
  101  7:57  Gateway  
  101  8:02  Pylon  
  101  8:09  Photon Cannon  
  101  8:11  Gateway  
  107  8:14  Templar Archives  
  107  8:17  Pylon  
  109  8:20  Pylon  
  109  8:24  Robotics Facility  
  109  8:25  Phoenix (Chrono Boost)  
  109  8:39  Dark Templar x2  
  109  8:40  Zealot  
  115  8:44  Assimilator  
  115  8:45  Carrier x2 (Chrono Boost)  
  115  8:49  Assimilator  
  115  8:51  Protoss Ground Weapons Level 3 (Chrono Boost)  
  125  9:13  Psionic Storm  
  125  9:14  Photon Cannon  
  125  9:18  Pylon  
  123  9:30  Observer (Chrono Boost)  
  124  9:36  Pylon  
  124  9:40  Stargate  
  124  9:41  Pylon  
  124  9:42  Gateway  
  124  9:43  Gateway  
  124  9:44  Warp Prism (Chrono Boost)  
  126  9:51  Photon Cannon  
  126  9:57  Gateway  
  126  9:58  Gateway  
  126  9:59  Dark Templar x2  
  130  10:00  Zealot x3  
  134  10:07  Carrier x2 (Chrono Boost)  
  134  10:25  Protoss Air Weapons Level 2 (Chrono Boost), Zealot  
  148  10:36  Pylon  
  148  10:39  Observer  
  149  10:43  Carrier (Chrono Boost)  
  149  10:51  Gateway  
  149  10:55  Gateway  
  149  10:57  Gateway  
  149  11:00  Carrier (Chrono Boost)  
  155  11:04  Protoss Shields Level 2 (Chrono Boost), Pylon  
  155  11:11  Carrier (Chrono Boost)  
  155  11:20  Protoss Ground Armor Level 1 (Chrono Boost)  
  167  11:34  Cybernetics Core  
  167  11:35  Pylon  
  167  11:52  Nexus, Carrier (Chrono Boost)  
  167  11:56  Pylon  
  167  11:58  High Templar  
  167  11:59  High Templar x3  
  167  12:00  Assimilator  
  169  12:42  Zealot x5  
  169  12:43  Zealot x4  
  179  13:04  Carrier (Chrono Boost)  
  179  13:05  Protoss Air Weapons Level 3 (Chrono Boost)  
  167  13:10  Protoss Air Armor Level 1 (Chrono Boost), Protoss Shields Level 3 (Chrono Boost)  
  167  13:15  Robotics Bay  
  167  13:16  Pylon  
  167  13:19  Zealot  
  169  13:20  Zealot x6  
  169  13:25  Zealot  
  169  13:26  Zealot x2  
  193  13:41  Pylon  
  193  13:46  Pylon  
  189  13:49  Warp Prism (Chrono Boost)  
  189  13:54  Assimilator  
  175  13:57  Phoenix (Chrono Boost)  
  177  14:07  Pylon  
  164  14:31  High Templar x2  
  164  14:32  High Templar x2  
  164  14:38  Pylon  
  169  14:54  Archon  
  169  14:55  Archon x2  
  153  15:09  Zealot x2  
  153  15:10  Zealot x5  
  153  15:11  Zealot  
  178  15:41  Zealot x5  
  178  15:42  Zealot x4  
  180  15:55  Nexus  
  179  15:57  Pylon  
Tags
 
Add a new tag
Caveats
  • Supply blocks, unpowered buildings, or Contaminate may cause inaccurate times.
  • Supply counts are checked every 10 seconds.